 Dungeon Crawl Stone Soup version 0.32-a0-42-ga30500b4d3 (webtiles) character file.

Game seed: 1811923598380407444

2408 FinniousFinkelbottom the Thaumaturge (level 9, -1/61 HPs)
             Began as a Mummy Necromancer on Jan 30, 2024.
             Was an Elder of Kikubaaqudgha.
             Slain by a gnoll
             ... wielding a +2 spear of flaming
              (3 damage)
             ... on level 7 of the Dungeon on Jan 31, 2024.
             The game lasted 00:41:45 (6774 turns).

FinniousFinkelbottom the Thaumaturge (MuNe)         Turns: 6774, Time: 00:41:47

Health: -1/61      AC:  5    Str: 11    XL:     9   Next: 23%
Magic:  11/23      EV: 12    Int: 19    God:    Kikubaaqudgha [****..]
Gold:   689        SH:  0    Dex: 12    Spells: 21/29 levels left

rFire   x . .        e - +2 falchion (distort)
rCold   + . .        d - orb {light}
rNeg    + + +        a - +1 robe
rPois   ∞            b - +0 helmet
rElec   .            h - +0 cloak {rPois}
rCorr   .            (no gloves)
SInv    .            (no boots)
Will    ++...        (no amulet)
Stlth   +            c - ring of willpower
HPRegen 0.30/turn    (no ring)
MPRegen 0.18/turn

%: faith
@: glowing
A: cold resistance 1, negative energy resistance 3, torment resistance 2, heat
vulnerability 1, in touch with death 1, no potions, faith
a: Renounce Religion, Unearth Wretches


You were on level 7 of the Dungeon.
You worshipped Kikubaaqudgha.
Kikubaaqudgha was greatly pleased with you.
You visited 2 branches of the dungeon, and saw 8 of its levels.

You collected 1035 gold pieces.
You spent 346 gold pieces at shops.

Inventory:

Hand Weapons
 e - a +2 falchion of distortion (weapon)
 g - a +2 quarterstaff of chaos
 j - a +0 halberd
Armour
 a - a +1 robe (worn)
 b - a +0 helmet (worn)
 d - an orb of light (worn)
 h - a +0 cloak of poison resistance (worn)
Jewellery
 c - a ring of willpower (left hand)
 f - an amulet of reflection
Talismans
 k - a dragon-blood talisman
Wands
 i - a wand of roots (10)
Scrolls
 l - a scroll of identify
 m - a scroll of vulnerability
 n - a scroll of teleportation


   Skills:
 + Level 1.9 Fighting
 + Level 2.8 Long Blades
 + Level 2.7 Dodging
 + Level 2.0 Stealth
 + Level 10.6 Spellcasting
 + Level 8.2 Necromancy


You had 21 spell levels left.
You knew the following spells:

 Your Spells              Type           Power      Damage    Failure   Level
a - Necrotise             Necr           100%       1d9       1%          1
b - Vampiric Draining     Necr           58%        2d10      1%          3
c - Animate Dead          Necr           58%        N/A       2%          4

Your spell library contained the following spells:

 Spells                   Type           Power      Damage    Failure   Level
 Kiss of Death            Conj/Necr      100%       2d13      1%          1
 Fugue of the Fallen      Necr           58%        N/A       1%          3
 Dispel Undead            Necr           58%        3d21      2%          4
 Curse of Agony           Necr           58%        N/A       6%          5
 Freeze                   Ice            40%        1d6       7%          1
 Summon Small Mammal      Summ           40%        N/A       7%          1
 Ensorcelled Hibernation  Hex/Ice        20%        N/A       11%         2
 Lesser Beckoning         Tloc           20%        N/A       11%         2
 Anguish                  Hex/Necr       19%        N/A       13%         4
 Martyr's Knell           Necr/Summ      38%        N/A       13%         4
 Call Canine Familiar     Summ           10%        N/A       22%         3
 Frozen Ramparts          Ice            20%        1d4       22%         3
 Gell's Gravitas          Tloc           10%        N/A       22%         3
 Hailstorm                Conj/Ice       10%        3d6       22%         3
 Ozocubu's Armour         Ice            10%        N/A       22%         3
 Teleport Other           Tloc           10%        N/A       22%         3
 Borgnjor's Vile Clutch   Necr/Erth      19%        N/A       34%         5
 Manifold Assault         Tloc           10%        N/A       56%         4
 Summon Blazeheart Golem  Fire/Summ      10%        N/A       56%         4


Dungeon Overview and Level Annotations

Branches:
Dungeon (7/15)             Temple (1/1) D:7

Altars:
Ashenzari
Cheibriados
Dithmenos
Fedhas
Gozag
Hepliaklqana
Kikubaaqudgha
Makhleb
Nemelex Xobeh
Okawaru
Qazlal
Sif Muna
Uskayaw
Vehumet
Wu Jian
Xom
Yredelemnul

Shops:
D:1 :   D:2 (   D:5 !   D:6 ?

Annotations:
Temple 4 transporters
Abyss:1 Menkaure


Innate Abilities, Weirdness & Mutations

You are immune to poison.
Your flesh is cold resistant. (rC+)
You are immune to negative energy. (rN+++)
You are immune to unholy pain and torment.
You are vulnerable to heat. (rF-)
You are in touch with the powers of death.
You do not drink.
You have a special connection with the divine. (Faith)


Message History

Aim: an orc, wielding a +0 club and wearing a +0 leather armour (haloed)
You feel a surge of power!
You draw life force from the orc!
You kill the orc!
Kikubaaqudgha accepts your kill.
You feel life coursing into your body.
The orc wizard hits you with a +1 dagger of speed.
The gnoll misses you. The gnoll closely misses you.
Casting: Vampiric Draining (safe; 1% risk of failure)
Confirm with . or Enter, or press ? or * to list all spells.
Aiming: Vampiric Draining (safe; 1% risk of failure)
Press: ? - help, Shift-Dir - straight line, f - orc
Aim: an orc, wielding a +1 heavy flail and wearing a +0 leather armour (haloed)
You feel a surge of power!
You draw life force from the orc!
You kill the orc!
Kikubaaqudgha accepts your kill.
You feel life coursing into your body.
The orc wizard hits you but does no damage.
The gnoll hits you from afar with a +2 spear of flaming.
The gnoll burns you.
The gnoll hits you from afar with a +0 spear.
* * * LOW HITPOINT WARNING * * *
The orc wizard closely misses you. The orc wizard closely misses you.
The gnoll hits you from afar with a +0 spear.
* * * LOW HITPOINT WARNING * * *
Casting: Vampiric Draining (safe; 1% risk of failure)
Confirm with . or Enter, or press ? or * to list all spells.
Aiming: Vampiric Draining (safe; 1% risk of failure)
Press: ? - help, Shift-Dir - straight line, f - orc wizard
Aim: an orc wizard, wielding a +1 dagger of speed and wearing a +0 robe (haloed)
You feel a surge of power!
You draw life force from the orc wizard.
You feel life coursing into your body. The orc wizard barely misses you.
The gnoll hits you from afar with a +0 spear.
* * * LOW HITPOINT WARNING * * *
The gnoll hits you from afar with a +2 spear of flaming!
* * * LOW HITPOINT WARNING * * *
The gnoll burns you.
You die...
Kikubaaqudgha rasps: "You have failed me!
Welcome... oblivion!"

#... #... ...## ##
...## ## ##.. ...##
..##
....#####.g.#5....
.........)ggZ.....
..........o#
..####...@## # #....#
.# ##....## ..#
#......##+##..# ..
#..#####........###
#...
.....#...#..........#
.... ....
#._.'.........# ...
.... #...#........##
.#
.######)##........#


You could see an orc wizard, 3 gnolls, a shadow imp and an adder zombie.

Vanquished Creatures
  Grinder (D:5)
  Edmund (D:5)
  Duvessa (D:5)
  A sky beast (D:6)
  5 ice beasts
  An ogre (D:6)
  A phantom (D:6)
  A bullfrog (D:4)
  A burial acolyte (D:7)
  Dowan (D:5)
  6 bombardier beetles
  A gnoll bouda (D:6)
  5 hounds
  A jelly (D:5)
  An orc priest (D:2)
  Crazy Yiuf (D:3)
  2 sleepcaps
  Natasha (twice) (D:2)
  3 iguanas
  A hound zombie (D:7)
  Robin (D:3)
  14 gnolls
  5 adders
  2 shadow imps
  2 white imps (D:6)
  2 ufetubi (D:6)
  A dart slug (D:4)
  A ribbon worm (D:4)
  13 orcs
  6 bats
  7 endoplasms
  5 giant cockroaches
  3 gnoll zombies (D:7)
  13 goblins
  5 hobgoblins
  6 quokkas
  10 ball pythons
  2 frilled lizards
  3 kobolds
  A kobold zombie (D:7)
  4 rats
143 creatures vanquished.

Vanquished Creatures (collateral kills)
  An adder (D:2)
  An endoplasm (D:2)
  A hobgoblin (D:1)
  A quokka (D:4)
  A rat (D:2)
5 creatures vanquished.

Vanquished Creatures (others)
  A jelly (D:1)
  An adder (D:1)
  A kobold (D:1)
3 creatures vanquished.

Grand Total: 151 creatures vanquished

Notes
Turn   | Place    | Note
-------+----------+-------------------------------------------
     0 | D:1      | FinniousFinkelbottom the Mummy Necromancer began the quest
                  | for the Orb.
     0 | D:1      | Reached XP level 1. HP: 13/13 MP: 4/4
     2 | D:1      | Noticed a merfolk
     4 | D:1      | Noticed an elf
     4 | D:1      | Noticed an octopode
     6 | D:1      | Noticed a spriggan
     6 | D:1      | Noticed a barachi
     8 | D:1      | Noticed a naga
     8 | D:1      | Noticed a felid
    10 | D:1      | Noticed an armataur
    10 | D:1      | Noticed a demigod
    12 | D:1      | Noticed a minotaur
    12 | D:1      | Noticed a draconian
    14 | D:1      | Noticed a troll
    14 | D:1      | Noticed a human
    16 | D:1      | Noticed a vine stalker
    16 | D:1      | Noticed a demonspawn
    18 | D:1      | Noticed a ghoul
    20 | D:1      | Noticed a gargoyle
    22 | D:1      | Noticed an oni
    22 | D:1      | Noticed a vampire
    24 | D:1      | Noticed a formicid
    26 | D:1      | Noticed a djinni
    26 | D:1      | Noticed a tengu
   241 | D:1      | Found Wenatub's Book Shoppe.
   293 | D:1      | Learned a level 1 spell: Freeze
   443 | D:1      | Reached XP level 2. HP: 19/19 MP: 3/5
   506 | D:1      | Found a faded altar of an unknown god.
   514 | D:1      | Prayed at the altar of an unknown god.
   514 | D:1      | Became a worshipper of Kikubaaqudgha
   514 | D:1      | Reached * piety under Kikubaaqudgha
   514 | D:1      | Received a gift from Kikubaaqudgha
   627 | D:1      | Reached skill level 3 in Spellcasting
  1394 | D:2      | Reached skill level 4 in Spellcasting
  1394 | D:2      | Reached XP level 3. HP: 19/24 MP: 0/8
  1535 | D:2      | Identified a scroll of acquirement
  1535 | D:2      | Acquired 632 gold pieces
  1580 | D:2      | Reached XP level 4. HP: 30/30 MP: 5/10
  1585 | D:2      | Learned a level 4 spell: Animate Dead
  1669 | D:2      | Noticed Natasha
  1670 | D:2      | Found Dodgheroe's Weapon Shoppe.
  1674 | D:2      | Killed Natasha
  1827 | D:2      | Reached skill level 5 in Necromancy
  1923 | D:2      | You fall into a shaft and drop 1 floor!
  2203 | D:2      | Noticed Natasha
  2227 | D:2      | Killed Natasha
  2228 | D:2      | Reached skill level 5 in Spellcasting
  2228 | D:2      | Reached XP level 5. HP: 35/35 MP: 3/12
  2252 | D:2      | Bought a +2 falchion of distortion for 234 gold pieces
  2441 | D:3      | Learned a level 3 spell: Vampiric Draining
  2504 | D:3      | Reached ** piety under Kikubaaqudgha
  2634 | D:3      | Noticed Robin
  2639 | D:3      | Killed Robin
  2857 | D:3      | Found a runed translucent door.
  2858 | D:3      | Noticed Crazy Yiuf
  2864 | D:3      | Killed Crazy Yiuf
  3495 | D:4      | Reached skill level 6 in Spellcasting
  3495 | D:4      | Reached XP level 6. HP: 41/41 MP: 9/15
  3622 | D:4      | Reached *** piety under Kikubaaqudgha
  3622 | D:4      | Received a gift from Kikubaaqudgha
  3888 | D:5      | Entered Level 5 of the Dungeon
  3888 | D:5      | Noticed Duvessa
  3889 | D:5      | Noticed Dowan
  3893 | D:5      | Killed Duvessa
  3894 | D:5      | Reached skill level 7 in Spellcasting
  3899 | D:5      | Killed Dowan
  3900 | D:5      | Reached XP level 7. HP: 23/46 MP: 1/18
  4008 | D:5      | Found Goxkio's Distillery.
  4053 | D:5      | Noticed Menkaure
  4069 | D:5      | Banished Menkaure
  4108 | D:5      | Reached skill level 8 in Spellcasting
  4621 | D:5      | Reached XP level 8. HP: 52/53 MP: 12/20
  4641 | D:5      | Noticed Grinder
  4662 | D:5      | Paralysed by Grinder for 4 turns
  4672 | D:5      | Killed Grinder
  4673 | D:5      | Reached skill level 1 in Long Blades
  4673 | D:5      | Reached skill level 9 in Spellcasting
  4833 | D:5      | Reached skill level 1 in Fighting
  4834 | D:5      | Noticed Edmund
  4844 | D:5      | Killed Edmund
  5385 | D:6      | Reached skill level 10 in Spellcasting
  5657 | D:6      | Found Javatea's Magic Scroll Emporium.
  5716 | D:6      | Bought a scroll of blinking for 112 gold pieces
  5822 | D:6      | Reached **** piety under Kikubaaqudgha
  5823 | D:6      | Reached XP level 9. HP: 55/61 MP: 16/23
  6082 | D:6      | Found a shimmering blue altar of Sif Muna.
  6569 | D:7      | Found a staircase to the Ecumenical Temple.
  6590 | Temple   | Found a transporter.
  6590 | Temple   | Found a transporter.
  6590 | Temple   | Found a transporter.
  6590 | Temple   | Found a transporter.
  6590 | Temple   | Entered the Ecumenical Temple
  6717 | D:7      | Found an ancient bone altar of Kikubaaqudgha.
  6774 | D:7      | HP: 2/61 [gnoll/+2 spear of flaming (7)]
  6774 | D:7      | Slain by a gnoll

Illustrated notes

Levels and vault maps discovered:
D:1:      kb_arrival_jail, layout_loops_corners,
          ebering_ecumenical_altar_sacrificial, serial_shops,
          nicolae_diamond_shop, hex_medium, minmay_misc_feat_tiny
D:2:      layout_loops_cross, serial_shops, shop, uniq_natasha
D:3:      layout_basic, chequers_serial_rivers_small_3, uniq_crazy_yiuf_cottage,
          uniq_robin
D:4:      layout_rooms
D:5:      layout_basic, serial_shops, nicolae_shop_crystal, minmay_checkerbox,
          uniq_grinder, uniq_menkaure, uniq_edmund, uniq_duvessa
D:6:      layout_loops_cross, mainiacjoe_overflow_concentric_impassable,
          serial_shops, shop
D:7:      nicolae_BIG_FREAKIN_CUBE, layout_layer_cave,
          gammafunk_temple_overflow_forgotten,
          regret_index_kikubaaqudgha_part_by_part, temple_statues, hex_tiny
Temple:   hellmonk_temple_divided_pantheon

Skill      XL: |  1  2  3  4  5  6  7  8 |
---------------+-------------------------+-----
Spellcasting   | 4 5 6 7 8 10 | 10.6
Necromancy     | 5 6 8 |  8.2
Dodging        | 2 |  2.7
Long Blades    | 2 |  2.8
Stealth        | 2 |  2.0
Fighting       | 1 |  1.9

Action                     |  1- 3 |  4- 6 |  7- 9 || total
---------------------------+-------+-------+-------++-------
  Melee: Unarmed           |     7 |       |       ||     7
         Falchion          |       |    14 |   101 ||   115
   Cast: Necrotise         |    44 |   101 |    81 ||   226
         Vampiric Draining |       |     9 |    28 ||    37
         Animate Dead      |       |       |     3 ||     3
 Invoke: Unearth Wretches  |     2 |       |       ||     2
    Use: Scroll            |     3 |     5 |     5 ||    13
   Stab: Paralysed         |     1 |       |       ||     1
 Armour: Robe              |     7 |    30 |   132 ||   169
  Dodge: Dodged            |    15 |    28 |   120 ||   163

Table legend: (Time is in decaauts)
 A = Elapsed time spent in this place.
 B = Non-inter-level travel time spent in this place.
 C = Inter-level travel time spent in this place.
 D = Time resting spent in this place.
 E = Time spent auto-exploring this place.
 F = Levels seen in this place.
 G = Mean time per level.
                   A        B        C        D        E       F      G
               +--------+--------+--------+--------+--------+-----+--------+
         Total |   6808 |   6808 |      0 |   1338 |   1302 |   8 |  851.0 |
       Dungeon |   6763 |   6763 |      0 |   1338 |   1302 |   7 |  966.1 |
        Temple |     44 |     44 |      0 |      0 |      0 |   1 |   44.0 |
               +--------+--------+--------+--------+--------+-----+--------+

Top non-repeatable levels by time:
     D:5: 1376 daAuts
     D:1: 1326 daAuts
     D:6: 1321 daAuts
     D:2: 950 daAuts
     D:3: 887 daAuts
     D:4: 736 daAuts
     D:7: 165 daAuts
  Temple: 44 daAuts
